 Dungeon Crawl Stone Soup version 0.29.0-4-gdea44cf6ec (webtiles) character file.

Game seed: 16339525133100808941

30 qw the Chopper (level 3, 0/21 HPs)
             Began as a Tengu Warper on Aug 28, 2022.
             Succumbed to a kobold's poison
             ... on level 4 of the Dungeon.
             The game lasted 00:00:07 (1456 turns).

qw the Chopper (Tengu Warper)                       Turns: 1456, Time: 00:00:07

Health: 0/21       AC: 10    Str: 13    XL:     3   Next: 18%
Magic:  7/7        EV:  3    Int: 13    God:
Gold:   31         SH:  0    Dex: 13    Spells: 6/6 levels left

rFire   . . .      SeeInvis .   Y - +0 hand axe
rCold   . . .      Faith    .   (no shield)
rNeg    . . .      Spirit   .   h - +0 plate armour
rPois   .          Reflect  .   (helmet restricted)
rElec   .          Harm     .   (no cloak)
rCorr   .          Rampage  .   (no gloves)
Will    .....                   (boots unavailable)
Stlth   ..........              (no amulet)
HPRegen 0.07/turn               (no ring)
MPRegen 0.10/turn               (no ring)

@: lethally poisoned (0 -> -7)
A: beak, talons 3
a: no special abilities


You were on level 4 of the Dungeon.
You visited 1 branch of the dungeon, and saw 3 of its levels.

You collected 31 gold pieces.


Innate Abilities, Weirdness & Mutations

You have a beak for a mouth.
You have claws for feet.


   Skills:
 - Level 2.0 Fighting
 + Level 3.9 Axes
 - Level 1.0 Throwing
 - Level 1.1 Armour
 - Level 2.1 Dodging
 - Level 2.0 Spellcasting
 - Level 2.4 Translocations


You had 6 spell levels left.
You didn't know any spells.
Your spell library contained the following spells:

 Spells                   Type           Power      Damage    Failure   Level
 Blink                    Tloc           14%        N/A       100%        2
 Gell's Gravitas          Tloc           7%         N/A       100%        3
 Lesser Beckoning         Tloc           7%         N/A       100%        3
 Teleport Other           Tloc           7%         N/A       100%        3
 Manifold Assault         Tloc           7%         N/A       100%        5

Inventory:

Hand Weapons
 g - a +0 whip
 Y - a +0 hand axe (weapon)
Armour
 h - a +0 plate armour (worn)
Potions
 a - a potion of invisibility {unknown}

Dungeon Overview and Level Annotations

Branches:
Dungeon (2/15)

Altars:

Shops:
D:2 *


Message History

You start resting.
HP restored.
There is a shaft here.
A frilled lizard comes into view.
Enter note: You barely miss the frilled lizard.
You peck the frilled lizard.
You kill the frilled lizard!
Found a stone staircase leading down.
Enter note: A sourceless malevolence fills the Dungeon...
You fall into a shaft and drop 2 floors!
The shaft crumbles and collapses.
You now have 31 gold pieces (gained 10).
a - a dark potion Existing waypoints: (1) D:2 (2) D:1 Assign waypoint to what number? (0-9, D - delete waypoint) Waypoint 2 re-assigned from D:1 to D:4.
Enter note: A kobold comes into view.
It is wielding a +0 dagger and quivering poisoned darts.
The kobold shouts!
The kobold throws a poisoned dart.
The poisoned dart hits you!
You are poisoned.
You feel very sick.
You feel sick.
The kobold throws a poisoned dart.
The poisoned dart hits you!
You are more poisoned.
You feel very sick.
You feel sick.
A necrophage comes into view.
You feel sick.
You feel sick.
The kobold throws a poisoned dart.
The poisoned dart hits you!
You are lethally poisoned!
You feel very sick.
You feel very sick.
You hit the kobold. Your kick misses the kobold.
The kobold is moderately wounded.
You feel sick. The kobold hits you but does no damage.
You closely miss the kobold. Your kick misses the kobold.
The kobold is moderately wounded.
You die...

#..###.....
##..........
#....!......
...........
....#.....
##...n...#
##.......##
#...@K....#
###........##
#...........#
#...........#
#......#...##
############


You could see a necrophage and a kobold.

Vanquished Creatures
  2 ball pythons
  3 endoplasms
  7 goblins
  4 hobgoblins (D:1)
  2 kobolds (D:1)
  A quokka (D:1)
  A bat (D:1)
  A frilled lizard (D:2)
  4 rats
25 creatures vanquished.

Vanquished Creatures (others)
  4 plants (D:1)
4 creatures vanquished.

Grand Total: 29 creatures vanquished

Notes
Turn   | Place    | Note
-------+----------+-------------------------------------------
     0 | D:1      | qw the Tengu Warper began the quest for the Orb.
     0 | D:1      | Reached XP level 1. HP: 12/12 MP: 4/4
     0 | D:1      | 0 ||| qw: Version: 0.1-a-89-g26bdef1
     0 | D:1      | 0 ||| qw: Game counter: 200
     0 | D:1      | 0 ||| qw: Always use a shield: true
     0 | D:1      | 0 ||| qw: God list: Okawaru
     0 | D:1      | 0 ||| qw: Allow faded altars: false
     0 | D:1      | 0 ||| qw: Do Orc after D:15 true
     0 | D:1      | 0 ||| qw: Do second Lair branch before Depths: true
     0 | D:1      | 0 ||| qw: Lair rune preference: random
     0 | D:1      | 0 ||| qw: Plans: Normal
     0 | D:1      | 0 ||| PLANNING D:1-11
   198 | D:1      | Reached skill level 3 in Axes
   198 | D:1      | Reached XP level 2. HP: 11/17 MP: 6/6
   401 | D:1      | 401 ||| DROPPING +0 club.
   979 | D:1      | 979 ||| Stepping ~*~*~tactically~*~*~ (water).
  1002 | D:1      | Found a faded altar of an unknown god.
  1111 | D:1      | Reached XP level 3. HP: 21/21 MP: 7/7
  1173 | D:1      | 1173 ||| UPGRADING to +0 plate armour.
  1183 | D:1      | 1183 ||| DROPPING +0 leather armour.
  1184 | D:1      | 1184 ||| READING scroll labelled JOISUG ESHIUCH.
  1185 | D:1      | 1185 ||| READING scroll labelled JEVELEC SOIT.
  1186 | D:1      | 1186 ||| READING scroll labelled UCROEPLOLOM.
  1187 | D:1      | 1187 ||| READING scroll labelled MIWIUSCH WUWKO.
  1288 | D:1      | 1288 ||| READING scroll labelled OHIDIY HIETE.
  1292 | D:1      | 1292 ||| DROPPING scroll of blinking.
  1296 | D:2      | Found Vajuput's General Store.
  1300 | D:2      | 1300 ||| SHOPLISTING potion of resistance (130 gold, have
                  | 10).
  1300 | D:2      | 1300 ||| SHOPLISTING scroll of enchant armour (97 gold,
                  | have 10).
  1318 | D:2      | Identified the +8 dagger of Cheibriados, Hugging {vorpal,
                  | *Noise rC+ Int+4}
  1433 | D:2      | You fall into a shaft and drop 2 floors!
  1450 | D:4      | Noticed a necrophage
  1454 | D:4      | HP: 3/21 [poisoned by a kobold]
  1456 | D:4      | Succumbed to a kobold's poison

Levels and vault maps discovered:
D:1:      lightli_arrival_isolated_outpost, layout_loops_corners,
          shapermc_ecumenical_altar_hornbeckon
D:2:      layout_loops_ring, serial_shops, shop
D:4:      layout_cave_pools, mainiacjoe_overflow_alcove_4, doesnt_xom_only_xom,
          serial_shops, shop_fountains, uniq_duvessa

Skill      XL: |  1 |
---------------+----+-----
Axes           | 3 |  3.9
Fighting       | |  2.0
Throwing       | |  1.0
Armour         | |  1.1
Dodging        | |  2.1
Spellcasting   | |  2.0
Translocations | |  2.4

Action                   || total
-------------------------++-------
Melee: Hand axe          ||    62
       Kick              ||    11
       Peck              ||    11
Throw: Boomerang         ||     7
  Use: Scroll            ||     5
Armor: Leather armour    ||     5
       Plate armour      ||     6
Dodge: Dodged            ||    27

Table legend:
 A = Non-vault XP
 B = Vault XP
 C = Vault XP percentage of total XP
 D = Non-vault monster count
 E = Vault monster count
 F = Vault count percentage of total count
                 A         B        C        D         E       F
            +---------+---------+-------+---------+---------+-------
      Total |      43 |       0 |   0.0 |      25 |       0 |   0.0
            +---------+---------+-------+---------+---------+-------
        D:1 |      35 |       0 |   0.0 |      20 |       0 |   0.0
        D:2 |       8 |       0 |   0.0 |       5 |       0 |   0.0
            +---------+---------+-------+---------+---------+-------
